 Dungeon Crawl Stone Soup version 0.29.0-11-gd7f09526c8 (webtiles) character file.

Game seed: 17549809933482371815

1159 Anothat the Skirmisher (level 8, 0/68 HPs)
             Began as a Barachi Hunter on Sept 4, 2022.
             Slain by Duvessa
             ... wielding a +0 rapier
              (13 damage)
             ... on level 6 of the Dungeon.
             The game lasted 00:11:53 (5278 turns).

Anothat the Skirmisher (Barachi Hunter)             Turns: 5278, Time: 00:11:53

Health: 0/68       AC:  5    Str: 12    XL:     8   Next: 39%
Magic:  8/8        EV: 12    Int: 16    God:
Gold:   344        SH:  0    Dex: 18    Spells: 7/7 levels left

rFire   + . .      SeeInvis .   a - +1 shortbow (flame)
rCold   + . .      Faith    .   (shield currently unavailable)
rNeg    . . .      Spirit   .   s - +1 leather armour {rPois}
rPois   +          Reflect  .   (no helmet)
rElec   +          Harm     .   u - scarf {repulsion}
rCorr   +          Rampage  .   o - +0 pair of gloves
Will    .....                   (no boots)
Stlth   ++........              m - amulet of regeneration
HPRegen 1.01/turn               h - +6 ring of intelligence
MPRegen 0.11/turn               (no ring)

@: resistant, unable to hop, repel missiles, slow
A: amphibious, slowness 1, strong legs 1, +LOS
a: Hop


You were on level 6 of the Dungeon.
You visited 1 branch of the dungeon, and saw 6 of its levels.

You collected 344 gold pieces.

Inventory:

Hand Weapons
 a - a +1 shortbow of flaming (weapon)
 p - a +0 long sword
Armour
 c - a +1 leather armour
 o - a +0 pair of gloves (worn)
 s - a +1 leather armour of poison resistance (worn)
 u - a scarf of repulsion (worn)
Jewellery
 h - a +6 ring of intelligence (left hand)
 k - an amulet of the acrobat
 m - an amulet of regeneration (around neck)
Wands
 g - a wand of flame (18)
Scrolls
 b - 3 scrolls of immolation
 d - 3 scrolls of enchant weapon
 e - 2 scrolls of identify
 r - a scroll of brand weapon
Potions
 i - a potion of magic
 j - a potion of brilliance
 n - a potion of experience {unknown}
 q - a potion of heal wounds {unknown}
 t - a potion of flight {unknown}
 w - a potion of might {unknown}
 x - a potion of mutation {unknown}


   Skills:
 + Level 7.6 Fighting
 + Level 8.6 Ranged Weapons
 - Level 2.1 Dodging
 - Level 0.8 Stealth


You had 7 spell levels left.
You didn't know any spells.
Your spell library was empty.

Dungeon Overview and Level Annotations

Branches:
Dungeon (6/15)
 Temple: D:4-7

Altars:

Shops:
D:1 ?

Annotations:
D:6 Duvessa


Innate Abilities, Weirdness & Mutations

You are amphibious.
You cover ground slowly.
You can hop short distances.
You have an extended range of vision and can be seen from far away.


Message History

You kill Dowan!
You hear a distant scream of rage.
No target in view!
You shoot an arrow. The arrow hits Duvessa.
The arrow burns Duvessa.
Duvessa is lightly wounded.
Duvessa goes berserk!
You shoot an arrow. The arrow completely misses Duvessa.
You shoot an arrow. The arrow hits Duvessa.
The arrow burns Duvessa.
Duvessa is lightly wounded.
Duvessa hits you with a +0 rapier!
Hop to where?
Press: ? - help, Dir - move target, p - Duvessa Boing!
Okay, then.
Okay, then.
Okay, then.
Okay, then.
You shoot an arrow. The arrow barely misses Duvessa.
Fire: a) +1 shortbow (flame)
Press: ? - help, Shift-Dir - straight line, f/p - Duvessa
Aim: Duvessa, wielding a +0 rapier, wearing a +0 leather armour and carrying a wand of flame (19) (lightly wounded, berserk, 72% to hit)
You shoot an arrow. The arrow closely misses Duvessa.
Duvessa rages.
Duvessa closely misses you. Duvessa attacks as you move away!
Duvessa hits you with a +0 rapier. Duvessa hits you with a +0 rapier!
Duvessa hits you with a +0 rapier.
Aiming: Throw Flame
Press: ? - help, Shift-Dir - straight line, f/p - Duvessa
Aim: Duvessa, wielding a +0 rapier, wearing a +0 leather armour and carrying a wand of flame (19) (lightly wounded, berserk, 72% to hit)
The puff of flame hits Duvessa.
Duvessa is moderately wounded.
Duvessa hits you with a +0 rapier! x2
Duvessa attacks as you move away! Duvessa hits you but does no damage.
It was a potion of resistance.
You feel protected. Duvessa hits you with a +0 rapier!
* * * LOW HITPOINT WARNING * * *
Duvessa hits you with a +0 rapier!
You die...

### #.##
#@.# ##e##
##.## #..#
##.## #..##
.......#..#
.......##<##
....... #..#


You could see Duvessa (berserk).

Vanquished Creatures
  A black bear (D:5)
  A centaur (D:5)
  An ogre (D:5)
  4 scorpions (D:4)
  3 necrophages
  Dowan (D:6)
  A howler monkey (D:5)
  2 hounds
  An orc priest (D:4)
  A gnoll bouda (D:4)
  3 iguanas
  7 adders
  4 gnolls (D:4)
  An ufetubus (D:5)
  A worm (D:3)
  A dart slug (D:1)
  11 orcs
  6 endoplasms
  4 giant cockroaches
  8 goblins
  3 hobgoblins
  5 kobolds
  4 quokkas
  7 ball pythons
  5 bats
  2 frilled lizards (D:2)
  4 rats
92 creatures vanquished.

Notes
Turn   | Place    | Note
-------+----------+-------------------------------------------
     0 | D:1      | Anothat the Barachi Hunter began the quest for the Orb.
     0 | D:1      | Reached XP level 1. HP: 17/17 MP: 1/1
   145 | D:1      | Reached XP level 2. HP: 23/23 MP: 2/2
   241 | D:1      | Found Ojo Yli's Magic Scroll Boutique.
   582 | D:1      | Reached XP level 3. HP: 28/28 MP: 3/3
   601 | D:1      | Found a faded altar of an unknown god.
   705 | D:1      | Reached skill level 5 in Ranged Weapons
  1982 | D:3      | Reached XP level 4. HP: 33/34 MP: 4/4
  2252 | D:3      | Reached skill level 6 in Ranged Weapons
  2401 | D:4      | Noticed a scorpion
  2456 | D:4      | Reached XP level 5. HP: 16/39 MP: 5/5
  2772 | D:4      | Reached XP level 6. HP: 48/48 MP: 6/6
  3426 | D:4      | Reached skill level 7 in Ranged Weapons
  3527 | D:4      | Reached skill level 5 in Fighting
  3527 | D:4      | Reached XP level 7. HP: 56/56 MP: 7/7
  4390 | D:5      | Entered Level 5 of the Dungeon
  4558 | D:5      | Reached skill level 8 in Ranged Weapons
  4626 | D:5      | Reached XP level 8. HP: 65/65 MP: 8/8
  5259 | D:6      | Noticed Dowan
  5261 | D:6      | Noticed Duvessa
  5263 | D:6      | Killed Dowan
  5278 | D:6      | Slain by Duvessa

Illustrated notes

Levels and vault maps discovered:
D:1:      denvon_arrival_planthouse, layout_basic, serial_shops, shop,
          ebering_ecumenical_altar_sacrificial, dk_noncrumbling_3
D:2:      layout_loops_corners
D:3:      layout_basic, dk_noncrumbling_4, chequers_serial_rivers_micro_b
D:4:      wander_river, layout_loops_corners
D:5:      layout_cave_pods, chequers_serial_rivers_large_a
D:6:      layout_cave_pods, minmay_misc_feat_iff, uniq_duvessa

Skill      XL: |  1  2  3  4  5  6  7  8 |
---------------+-------------------------+-----
Ranged Weapons | 5 6 7 8 |  8.6
Fighting       | 3 5 6 7 |  7.6
Dodging        | |  2.1
Stealth        | |  0.8

Action                   |  1- 3 |  4- 6 |  7- 9 || total
-------------------------+-------+-------+-------++-------
 Fire: Shortbow          |   104 |    97 |    93 ||   294
 Abil: Hop               |     1 |     5 |     2 ||     8
Evoke: Wand              |       |       |     1 ||     1
  Use: Scroll            |     6 |       |     4 ||    10
       Potion            |       |     3 |     1 ||     4
Armor: Leather armour    |     8 |    11 |     3 ||    22
Dodge: Dodged            |    13 |    33 |    21 ||    67
